[Event "Titled Tuesday Blitz August 16 Early 2022"]
[White "Kononenko, Dmitry"]
[Black "Samadov, Read"]
[WhiteFideId "14113538"]
[BlackFideId "13417444"]
[WhiteElo "2129"]
[BlackElo "2084"]
[Result "0-1"]
[Round "06"]
[TimeControl "180+1"]
[Date "2022.08.16"]
[WhiteClock "0:00:16"]
[BlackClock "0:00:29"]

1. d4 Nf6 2. c4 e6 3. g3 d5 4. Nf3 Bb4+ 5. Bd2 Be7 6. Bg2 O-O 7. O-O c6 8. Qc2 Nbd7 9. Rd1 Ne4 10. Bf4 g5 11. Bc1 f5 12. b3 Bf6 13. Bb2 Qe8 14. Nbd2 Qf7 15. Ne5 Qg7 16. f3 Nxd2 17. Qxd2 Nxe5 18. dxe5 Be7 19. e4 dxe4 20. fxe4 f4 21. Rf1 Bc5+ 22. Kh1 Be3 23. Qd6 Bd7 24. Rad1 Rf7 25. gxf4 Bxf4 26. Rf3 Re8 27. Rdf1 Bc8 28. Qd3 Rd7 29. Qe2 Rd2 30. Qxd2 Bxd2 31. Rf6 Bf4 32. Bf3 Rf8 33. Bh5 Bd7 34. h3 Be8 35. Bg4 Rxf6 36. exf6 Qf7 37. Rd1 h5 38. Bf3 e5 39. Rd8 Kh7 40. Ba3 Qe6 41. Kg2 g4 42. hxg4 hxg4 43. Be2 Bf7 44. Be7 Bg5 45. Rd6 Qc8 46. Rd8 Qc7 47. Bxg4 Qa5 48. a3 Qe1 49. Bf5+ Bg6 50. Rd7 Bxf5 51. exf5 Qe4+ 52. Kf1 Qxf5+ 53. Ke2 Qxd7 0-1


[Site "https://www.chess.com"]

[Event "Titled Tuesday Blitz August 16 Early 2022"]
[White "Korelskiy, Egor"]
[Black "Shapiro, Daniel"]
[WhiteFideId "34329064"]
[BlackFideId "2001780"]
[WhiteElo "2227"]
[BlackElo "2284"]
[Result "1-0"]
[Round "06"]
[TimeControl "180+2"]
[Date "2022.08.18"]
[WhiteClock "0:00:00"]
[BlackClock "0:00:00"]

1. e4 c5 2. Nf3 e6 3. Qe2 d6 4. g3 a6 5. Bg2 Nc6 6. O-O Qc7 7. c3 Nf6 8. d4 cxd4 9. cxd4 d5 10. exd5 Nxd5 11. Nc3 Nxc3 12. bxc3 Be7 13. Bf4 Qa5 14. Rac1 O-O 15. Rfe1 Bd7 16. h4 Rfe8 17. Qd2 Rac8 18. Rb1 b5 19. d5 exd5 20. Qxd5 Be6 21. Rxe6 fxe6 22. Qxe6+ Kh8 23. Re1 Qd8 24. Bh3 Rc7 25. Bxc7 Qxc7 26. Ng5 Rf8 27. Nf7+ Rxf7 28. Qxf7 h6 29. Qe8+ 1-0


[Site "https://www.chess.com"]

[Event "Titled Tuesday Blitz August 16 Early 2022"]
[White "Kosteniuk, Alexandra"]
[Black "Mikhalsky, Vladimir"]
[WhiteFideId "4128125"]
[BlackFideId "14144352"]
[WhiteElo "2521"]
[BlackElo "2269"]
[Result "1-0"]
[Round "06"]
[TimeControl "180+2"]
[Date "2022.08.18"]
[WhiteClock "0:00:00"]
[BlackClock "0:00:00"]

1. Nf3 c5 2. e4 Nc6 3. Bb5 g6 4. O-O Bg7 5. c3 a6 6. Bxc6 dxc6 7. d4 cxd4 8. cxd4 Nf6 9. Nc3 O-O 10. h3 Qa5 11. Be3 Rd8 12. Qc1 Be6 13. Rd1 Rac8 14. Bh6 Qb4 15. e5 Nd5 16. Ne4 Bf5 17. Nc5 b6 18. Bd2 Qb5 19. a4 Qe2 20. Re1 Qxe1+ 21. Qxe1 bxc5 22. dxc5 Rb8 23. b4 f6 24. Nd4 Bd7 25. b5 cxb5 26. axb5 Bxb5 27. Ne6 Rdc8 28. Nxg7 Kxg7 29. exf6+ exf6 30. Rc1 Re8 31. Be3 Nxe3 32. fxe3 Rbc8 33. Qc3 Re6 34. Qd4 Rce8 35. c6 Rxc6 36. Qd7+ Kh6 37. Rxc6 Rxe3 38. Qd2 Bxc6 39. Qxe3+ Kg7 40. Qe7+ Kh6 41. Qxf6 Bb5 42. Kf2 1-0


[Site "https://www.chess.com"]

[Event "Titled Tuesday Blitz August 16 Early 2022"]
[White "Kostiukov, Alexandr"]
[Black "Navarrete Mendez, Gonzalo Alberto"]
[WhiteFideId "14108100"]
[BlackFideId "5106850"]
[WhiteElo "2271"]
[BlackElo "2185"]
[Result "0-1"]
[Round "06"]
[TimeControl "180+2"]
[Date "2022.08.18"]
[WhiteClock "0:00:00"]
[BlackClock "0:00:00"]

1. g3 e5 2. Bg2 Nc6 3. c4 Bc5 4. Nc3 d6 5. e3 a6 6. Nge2 Ba7 7. O-O h5 8. h3 h4 9. g4 f5 10. f3 Be6 11. b3 Nf6 12. d4 Bf7 13. g5 Nh5 14. f4 Qe7 15. Nd5 Qd7 16. Bb2 Ng3 17. Nxg3 hxg3 18. Qd2 O-O-O 19. Rae1 exd4 20. exd4 Rde8 21. b4 Nd8 22. c5 c6 23. Nb6+ Bxb6 24. cxb6 Bd5 25. Bxd5 cxd5 26. Qg2 Re4 27. Qxg3 Qb5 28. Rxe4 dxe4 29. Qc3+ Nc6 30. Rd1 Qe2 31. d5 Qxd1+ 32. Kg2 Qxd5 0-1


[Site "https://www.chess.com"]

[Event "Titled Tuesday Blitz August 16 Early 2022"]
[White "Krsnik Cohar, Ivan Vihor"]
[Black "Mendez Fortes, Eduardo Jesus"]
[WhiteFideId "14520044"]
[BlackFideId "3502376"]
[WhiteElo "2296"]
[BlackElo "2250"]
[Result "0-1"]
[Round "06"]
[TimeControl "180+2"]
[Date "2022.08.18"]
[WhiteClock "0:00:00"]
[BlackClock "0:00:00"]

1. e4 e5 2. Nf3 Nc6 3. d4 exd4 4. Bc4 Nf6 5. O-O Nxe4 6. Re1 d5 7. Bxd5 Qxd5 8. Nc3 Qd7 9. Nxe4 Be7 10. Nc5 Qd5 11. Nb3 O-O 12. Nbxd4 Bf6 13. Nxc6 Qxc6 14. Bg5 Bxb2 15. Be7 Re8 16. Rb1 Bc3 17. Re3 Be6 18. Bb4 Bxb4 19. Rxb4 Bxa2 20. Ne5 Qc5 21. Nd3 Qc3 22. Rg3 Rad8 23. Re3 Rxe3 24. fxe3 Qxb4 0-1


[Site "https://www.chess.com"]

[Event "Titled Tuesday Blitz August 16 Early 2022"]
[White "Kuchava, Ana"]
[Black "Novikova, Galina"]
[WhiteFideId "13605348"]
[BlackFideId "4157095"]
[WhiteElo "1955"]
[BlackElo "1923"]
[Result "1-0"]
[Round "06"]
[TimeControl "180+2"]
[Date "2022.08.18"]
[WhiteClock "0:00:00"]
[BlackClock "0:00:00"]

1. d4 e6 2. Nf3 d5 3. c4 c6 4. e3 f5 5. Nc3 Nf6 6. Bd3 Bd6 7. Ne5 Nbd7 8. f4 O-O 9. O-O Ne4 10. Nxe4 fxe4 11. Be2 Nf6 12. c5 Bc7 13. Bd2 Bd7 14. Be1 Be8 15. Bh4 Qc8 16. b4 a6 17. a4 h6 18. Qb3 Kh7 19. b5 axb5 20. axb5 Rxa1 21. Rxa1 Bh5 22. Bxh5 Nxh5 23. b6 Bxe5 24. dxe5 Qd7 25. Ra7 d4 26. exd4 Qxd4+ 27. Bf2 Qd7 28. g3 g5 29. Qe3 gxf4 30. Qxe4+ Kh8 31. g4 Qd1+ 32. Be1 Qxg4+ 33. Kf1 Qh3+ 34. Qg2 Qd3+ 35. Qe2 Qxe2+ 36. Kxe2 Rf7 37. Kf3 Kg7 38. Bh4 Kg6 39. Bd8 Kf5 40. Bc7 Rd7 41. Rxb7 Rd3+ 42. Ke2 Re3+ 43. Kf2 Rc3 44. Bd6 Rc2+ 45. Kf3 Rc3+ 46. Kf2 Ke4 47. Rf7 Rc2+ 48. Ke1 Ke3 49. Kd1 Rb2 50. b7 Rxh2 51. b8=Q Ng3 52. Qb3+ Ke4 53. Qc4+ Kf3 54. Qxf4+ Kg2 55. Qf2+ Kh3 56. Qf3 Rh1+ 57. Kc2 Rh2+ 58. Kb3 h5 59. Rg7 h4 60. Be7 Rh1 61. Qg4+ Kh2 62. Qxh4+ 1-0


[Site "https://www.chess.com"]

[Event "Titled Tuesday Blitz August 16 Early 2022"]
[White "Kuznetsova, Olga"]
[Black "Yaksin, Oleg"]
[WhiteFideId "4191323"]
[BlackFideId "24105880"]
[WhiteElo "2134"]
[BlackElo "2256"]
[Result "1-0"]
[Round "06"]
[TimeControl "180+2"]
[Date "2022.08.18"]
[WhiteClock "0:00:00"]
[BlackClock "0:00:00"]

1. d4 Nf6 2. g3 e6 3. Bg2 d5 4. Nf3 Be7 5. O-O O-O 6. b3 c6 7. Bb2 Nbd7 8. Nbd2 b6 9. Ne5 Bb7 10. e4 Rc8 11. c4 Nxe5 12. dxe5 Ne8 13. exd5 cxd5 14. cxd5 Bxd5 15. Ne4 Qc7 16. Rc1 Qb7 17. Rxc8 Qxc8 18. Qe2 Qb7 19. Rc1 a6 20. f3 h6 21. f4 Kh8 22. Nd2 Bc5+ 23. Kh1 Nc7 24. Nf3 Rd8 25. Rd1 Qa8 26. h4 Kg8 27. Kh2 a5 28. h5 Na6 29. a3 Bb7 30. Rxd8+ Qxd8 31. Nh4 Bxg2 32. Nxg2 Nc7 33. Qc2 Nd5 34. Qe4 Qd7 35. g4 Qb5 36. Qc4 Qxc4 37. bxc4 Ne7 38. Kg3 Kf8 39. Kf3 Ke8 40. Ke4 Kd7 41. f5 Nc6 42. Nf4 a4 43. f6 Bf8 44. Nh3 Na5 45. Kd3 gxf6 46. exf6 e5 47. g5 hxg5 48. Nxg5 Nc6 49. Nxf7 Ke6 50. Ng5+ Kxf6 51. Nh7+ Kf7 52. Nxf8 Kxf8 53. Ke4 Na5 54. Kd5 e4 55. Bd4 Nb3 56. Bxb6 Nd2 57. h6 Kf7 58. Be3 Nf1 59. Bf2 e3 60. Be1 e2 61. c5 Kg6 62. c6 Ne3+ 63. Ke6 Ng2 64. Bb4 Nf4+ 65. Kd7 Nd3 66. Bd2 Ne5+ 67. Kd6 Nxc6 68. Kxc6 e1=Q 69. Bxe1 Kxh6 70. Kb5 Kg6 71. Kxa4 Kf6 72. Kb5 Ke7 73. Kb6 Kd8 74. Kb7 Kd7 75. a4 1-0


[Site "https://www.chess.com"]

[Event "Titled Tuesday Blitz August 16 Early 2022"]
[White "Lagno, Kateryna"]
[Black "Puranik, Abhimanyu"]
[WhiteFideId "14109336"]
[BlackFideId "5061245"]
[WhiteElo "2522"]
[BlackElo "2520"]
[Result "1-0"]
[Round "06"]
[TimeControl "180+1"]
[Date "2022.08.16"]
[WhiteClock "0:00:13"]
[BlackClock "0:00:02"]

1. e4 e6 2. d4 d5 3. Nd2 c5 4. exd5 Qxd5 5. Ngf3 cxd4 6. Bc4 Qd7 7. O-O a6 8. Nb3 Nc6 9. Nbxd4 Nxd4 10. Qxd4 Qxd4 11. Nxd4 Bd7 12. Be2 Nf6 13. Bf4 Be7 14. Rfd1 O-O-O 15. Nf3 Nd5 16. Bg3 f6 17. Rd3 Bb5 18. c4 Bxc4 19. Rc1 b5 20. b3 Ba3 21. bxc4 Bxc1 22. cxd5 Kb7 23. dxe6 Rxd3 24. Bxd3 g6 25. Be4+ Kb6 26. Bd6 Rc8 27. g3 Bb2 28. e7 f5 29. Bd5 Bf6 30. Bf7 Bxe7 31. Bxe7 Rc1+ 32. Kg2 a5 33. Nd4 Rd1 34. Bf6 b4 35. Kf3 a4 36. Ke2 Rb1 37. Nf3 Rc1 38. Kd2 Rf1 39. Bd4+ Ka5 40. Bc4 Rb1 41. Ne5 a3 42. Nc6+ Ka4 43. Kc2 Re1 44. Bb6 Re4 45. Nd4 b3+ 46. axb3+ Kb4 47. Nc6# 1-0


[Site "https://www.chess.com"]

[Event "Titled Tuesday Blitz August 16 Early 2022"]
[White "Lazavik, Denis"]
[Black "Munkhgal, Gombosuren"]
[WhiteFideId "13515110"]
[BlackFideId "4901266"]
[WhiteElo "2437"]
[BlackElo "2576"]
[Result "1/2-1/2"]
[Round "06"]
[TimeControl "180+1"]
[Date "2022.08.16"]
[WhiteClock "0:00:07"]
[BlackClock "0:00:07"]

1. d4 Nf6 2. c4 e6 3. Nc3 Bb4 4. e3 b6 5. Ne2 Bb7 6. a3 Be7 7. Ng3 d5 8. cxd5 exd5 9. Nf5 Bf8 10. Bd3 g6 11. Ng3 Bg7 12. O-O O-O 13. b4 h5 14. h3 a6 15. Rb1 Nbd7 16. a4 Re8 17. Bd2 Ne4 18. Nge2 Qg5 19. Qc2 Ndf6 20. Bc1 Re7 21. f3 Nxc3 22. Nxc3 Qg3 23. Bd2 Rae8 24. Ne2 Qh4 25. Be1 Qg5 26. f4 Qh6 27. Bh4 Rxe3 28. Bg5 Qh8 29. f5 Rxe2 30. Bxe2 Ne4 31. f6 Nxg5 32. fxg7 Qxg7 33. Rbd1 Re7 34. Bf3 Ne4 35. a5 Qh6 36. Qc1 Qxc1 37. Rxc1 Kf8 38. Rfe1 Ke8 39. Rc2 Kd8 40. Rb1 b5 41. Rbc1 c6 42. h4 Kc7 43. Re2 Kd6 44. Bxe4 dxe4 45. Kf2 Bc8 46. Ke3 Be6 47. Rf2 f5 48. Rc5 Bd5 49. g3 Re8 50. Re2 Re7 51. Kf4 Re6 52. Re3 Ke7 53. Rec3 Kf6 54. Re3 Rd6 55. Rec3 Bc4 56. Ke3 Bd5 57. Kf4 Bc4 58. Ke3 g5 59. Rc2 Bd5 60. Rf2 Kg6 61. hxg5 Kxg5 62. Rc1 Rg6 63. Rcf1 Be6 64. Rh1 Kf6 65. Rg1 h4 66. Rfg2 h3 67. Rh2 Rh6 68. Rf1 Kg5 69. Rf4 Rh8 70. Kf2 Bd5 71. Ke3 Rh5 72. Kf2 e3+ 73. Kxe3 Bg2 74. Kf2 Rh6 75. Rxg2 hxg2 76. Kxg2 Re6 77. Kf2 Re7 78. Rh4 Re6 79. Rh8 Re4 80. Rd8 Kg4 81. Rd6 f4 82. gxf4 Kxf4 83. Rf6+ Kg5 84. Rxc6 Rxd4 85. Rxa6 Rxb4 86. Ra8 Ra4 87. a6 Kg6 88. Ke3 Kg7 89. Kd3 Kh7 90. Kc3 Kg7 91. Kb3 Kh7 92. Kb2 Kg7 93. Kc3 Kh7 94. Ra7+ Kg6 95. Kb3 Kh6 96. Rb7 Rxa6 97. Rxb5 Rg6 98. Rb4 Rg5 99. Ka4 Rg6 100. Ka5 Rg5+ 101. Rb5 Rxb5+ 102. Kxb5 1/2-1/2


[Site "https://www.chess.com"]

[Event "Titled Tuesday Blitz August 16 Early 2022"]
[White "Le, Tuan Minh"]
[Black "Bykhovsky, Anatoly"]
[WhiteFideId "12401153"]
[BlackFideId "2806991"]
[WhiteElo "2530"]
[BlackElo "2540"]
[Result "1-0"]
[Round "06"]
[TimeControl "180+1"]
[Date "2022.08.16"]
[WhiteClock "0:00:27"]
[BlackClock "0:00:18"]

1. d4 Nf6 2. Nf3 g6 3. Bg5 Bg7 4. Nbd2 O-O 5. c3 d6 6. e4 c5 7. dxc5 dxc5 8. Bc4 Nc6 9. Qe2 Qc7 10. O-O h6 11. Bxf6 exf6 12. Nh4 Kh7 13. f4 Re8 14. Rae1 b6 15. Bd5 Bb7 16. Qg4 Rad8 17. Ndf3 Re7 18. Bxf7 Rxf7 19. Qxg6+ Kh8 20. Nf5 Rg8 21. Nxh6 Bxh6 22. Qxh6+ Rh7 23. Qxf6+ Qg7 24. Qxg7+ Rhxg7 25. Ng5 Ne5 26. h4 Nd3 27. Re3 c4 28. f5 Ne5 29. f6 Rg6 30. Rf5 Ng4 31. Nf7+ Kh7 32. Rh5+ Nh6 33. Ng5+ Kh8 34. e5 Rf8 35. Ne6 Rfg8 36. Rg3 Kh7 37. Rxg6 Rxg6 38. Nf8+ 1-0


[Site "https://www.chess.com"]

[Event "Titled Tuesday Blitz August 16 Early 2022"]
[White "Leiva, Gianmarco"]
[Black "Ianov, Viktor"]
[WhiteFideId "3804399"]
[BlackFideId "14102730"]
[WhiteElo "2389"]
[BlackElo "2263"]
[Result "1-0"]
[Round "06"]
[TimeControl "180+2"]
[Date "2022.08.18"]
[WhiteClock "0:00:00"]
[BlackClock "0:00:00"]

1. e4 d6 2. d4 Nf6 3. Nc3 Nbd7 4. Nf3 e5 5. Bc4 Be7 6. O-O O-O 7. Re1 a6 8. a4 b6 9. Bf1 Bb7 10. b3 Re8 11. Ba3 Bf8 12. a5 b5 13. d5 g6 14. Bb4 Nh5 15. Nb1 Bh6 16. c4 bxc4 17. bxc4 Rf8 18. c5 dxc5 19. Bc3 Qe7 20. Na3 f6 21. Nc4 Ng7 22. Qb3 Rfb8 23. Ncxe5 Bxd5 24. Qxd5+ 1-0


[Site "https://www.chess.com"]

[Event "Titled Tuesday Blitz August 16 Early 2022"]
[White "Leschinsky, Gary"]
[Black "Popilski, Gil"]
[WhiteFideId "30951321"]
[BlackFideId "2809060"]
[WhiteElo "1809"]
[BlackElo "2537"]
[Result "1/2-1/2"]
[Round "06"]
[TimeControl "180+2"]
[Date "2022.08.18"]
[WhiteClock "0:00:00"]
[BlackClock "0:00:00"]

1. c4 e5 2. Nc3 Bb4 3. Qc2 Nf6 4. Nf3 Nc6 5. e3 O-O 6. d3 d5 7. cxd5 Nxd5 8. Be2 Bf5 9. O-O Bg6 10. a3 Ba5 11. Bd2 Bb6 12. b4 Re8 13. Rfd1 a6 14. Rac1 h6 15. Na4 Ba7 16. Nc5 Bxc5 17. Qxc5 Bh5 18. a4 Qd6 19. b5 axb5 20. axb5 Na5 21. e4 Nb3 22. Qxd6 cxd6 23. exd5 Nxc1 24. Rxc1 Rec8 25. Rxc8+ Rxc8 26. Kf1 Rc2 27. Ke1 Rb2 28. Be3 Rxb5 29. Nd2 Bxe2 30. Kxe2 f5 31. d4 Rxd5 32. dxe5 dxe5 33. f4 g5 34. fxe5 f4 35. Bf2 Rxe5+ 36. Kf3 b5 37. h4 Kf7 38. hxg5 hxg5 39. Bd4 Rd5 40. Ke4 Rd7 41. Nf3 Re7+ 42. Kf5 Re2 43. Kxg5 Rxg2+ 44. Kxf4 Re2 45. Ne5+ Ke6 46. Nd3 Kd5 47. Be3 Kc4 48. Ne5+ Kc3 49. Kf3 Re1 50. Ng4 b4 51. Nf2 b3 52. Bh6 b2 53. Bg7+ Kc2 54. Bxb2 Rf1 55. Bd4 Rxf2+ 56. Bxf2 1/2-1/2


[Site "https://www.chess.com"]

[Event "Titled Tuesday Blitz August 16 Early 2022"]
[White "Leve, Nitai"]
[Black "Eynullayev, Atilla"]
[WhiteFideId "2006898"]
[BlackFideId "13413570"]
[WhiteElo "2128"]
[BlackElo "2328"]
[Result "0-1"]
[Round "06"]
[TimeControl "180+2"]
[Date "2022.08.18"]
[WhiteClock "0:00:00"]
[BlackClock "0:00:00"]

1. e4 c5 2. Nf3 d6 3. d4 cxd4 4. Qxd4 Nf6 5. Bg5 Nc6 6. Bb5 e6 7. Nc3 Bd7 8. Bxc6 Bxc6 9. O-O-O Be7 10. Qd3 Qb6 11. Nd4 O-O 12. f4 Rac8 13. f5 e5 14. Bxf6 gxf6 15. Nde2 Rfd8 16. Kb1 Qc5 17. Nd5 Bxd5 18. exd5 b5 19. g4 Qc4 20. Qd2 a5 21. Rhg1 Kh8 22. h4 a4 23. g5 Rg8 24. g6 fxg6 25. fxg6 a3 26. gxh7 Rxg1 27. Rxg1 Qxh4 28. Ng3 Qf4 29. Qxf4 exf4 30. Nf5 Bf8 31. Rf1 Kxh7 32. Rxf4 Re8 33. bxa3 Re5 0-1


[Site "https://www.chess.com"]

[Event "Titled Tuesday Blitz August 16 Early 2022"]
[White "Maiorov, Nikita"]
[Black "Ansh M Shah"]
[WhiteFideId "13501720"]
[BlackFideId "25033379"]
[WhiteElo "2464"]
[BlackElo "2177"]
[Result "1-0"]
[Round "06"]
[TimeControl "180+2"]
[Date "2022.08.18"]
[WhiteClock "0:00:00"]
[BlackClock "0:00:00"]

1. d4 Nf6 2. c4 e6 3. Nf3 d5 4. Nc3 Be7 5. Bf4 O-O 6. e3 c6 7. c5 Nbd7 8. h3 b6 9. b4 a5 10. a3 Ba6 11. Bxa6 Rxa6 12. O-O Ne4 13. Nxe4 dxe4 14. Nd2 Nf6 15. Qc2 Qa8 16. Rab1 axb4 17. axb4 Ra2 18. Rb2 Rxb2 19. Qxb2 Nd5 20. Bh2 f5 21. Ra1 Qb7 22. Nc4 bxc5 23. bxc5 Ra8 24. Rxa8+ Qxa8 25. Be5 h6 26. Nd6 Bf6 27. Bg3 h5 28. h4 Kh7 29. Kh2 Qd8 30. Qb7 Bxh4 31. Be5 Bf6 32. Qf7 Bxe5+ 33. dxe5 Qe7 34. Qxh5+ Kg8 35. g3 Nc3 36. Kg2 Na4 37. Qe2 Nxc5 38. Qc4 Nd7 39. Nxf5 Qf7 40. Nd4 Nxe5 41. Qxe6 Qxe6 42. Nxe6 Nd7 43. g4 Nf6 44. Kg3 Kf7 45. Nc5 Ke7 46. g5 1-0


[Site "https://www.chess.com"]

[Event "Titled Tuesday Blitz August 16 Early 2022"]
[White "Manukian, Artak"]
[Black "Santeramo, Alessia Carmen"]
[WhiteFideId "13301373"]
[BlackFideId "850810"]
[WhiteElo "2196"]
[BlackElo "2041"]
[Result "1-0"]
[Round "06"]
[TimeControl "180+2"]
[Date "2022.08.18"]
[WhiteClock "0:00:00"]
[BlackClock "0:00:00"]

1. e4 e5 2. Nf3 Nc6 3. d4 exd4 4. Nxd4 Nf6 5. Nxc6 bxc6 6. e5 Qe7 7. Qe2 Nd5 8. c4 Ba6 9. b3 O-O-O 10. g3 g5 11. Bg2 Bg7 12. Bb2 Rde8 13. O-O Bxe5 14. Qxe5 Qxe5 15. Bxe5 Rxe5 16. cxd5 Bxf1 17. Kxf1 cxd5 18. Nc3 c6 19. Rc1 Kd8 20. Bf3 h5 21. Na4 f5 22. Re1 Rxe1+ 23. Kxe1 g4 24. Be2 h4 25. Nc5 hxg3 26. hxg3 Rh1+ 27. Kd2 Ra1 28. a4 Ke7 29. Bd3 Ra2+ 30. Ke3 d6 31. Na6 Rb2 32. Nb4 d4+ 33. Kxd4 c5+ 34. Kc3 Rxf2 35. Nc6+ Ke6 36. Nxa7 Rf3 37. a5 Rxg3 38. a6 Kd7 39. Nb5 Kc6 40. a7 Kb7 41. Kc4 Rf3 42. Bxf5 Rf4+ 43. Kd3 g3 44. Be6 Rd4+ 45. Nxd4 cxd4 46. Kxd4 Kxa7 47. Bd5 Kb6 48. Kc4 Kc7 49. Kb5 Kd7 50. Kb6 Ke7 51. Kc6 Kf6 52. Kxd6 Kf5 53. b4 Kf4 54. b5 Ke3 55. b6 g2 56. Bxg2 1-0


[Site "https://www.chess.com"]

[Event "Titled Tuesday Blitz August 16 Early 2022"]
[White "Martin, Lewis"]
[Black "Przybylski, Wojciech"]
[WhiteFideId "410551"]
[BlackFideId "1117599"]
[WhiteElo "2151"]
[BlackElo "2321"]
[Result "0-1"]
[Round "06"]
[TimeControl "180+2"]
[Date "2022.08.18"]
[WhiteClock "0:00:00"]
[BlackClock "0:00:00"]

1. e4 c5 2. Nf3 e6 3. d4 cxd4 4. Nxd4 Nc6 5. Nc3 Qc7 6. g3 h5 7. Bg2 h4 8. O-O a6 9. Nb3 Ne5 10. Bf4 d6 11. Qe2 Be7 12. Rad1 Nf6 13. Bxe5 dxe5 14. g4 h3 15. Bf3 Bd7 16. Rd2 Nh7 17. Rfd1 Bc6 18. Rd3 O-O 19. Nd2 Bg5 20. Nf1 Bf4 21. Ng3 Ng5 22. Nh5 b5 23. Nxf4 exf4 24. Qd2 b4 25. Ne2 e5 26. Qxb4 Rab8 27. Qc3 Rfc8 28. Bh1 Bxe4 29. Bxe4 Nxe4 30. Rd8+ Rxd8 0-1


[Site "https://www.chess.com"]

[Event "Titled Tuesday Blitz August 16 Early 2022"]
[White "Matveeva, Olga"]
[Black "Ajay Krishna, S"]
[WhiteFideId "24107018"]
[BlackFideId "5096430"]
[WhiteElo "2168"]
[BlackElo "2367"]
[Result "0-1"]
[Round "06"]
[TimeControl "180+2"]
[Date "2022.08.18"]
[WhiteClock "0:00:00"]
[BlackClock "0:00:00"]

1. d4 Nf6 2. c4 c5 3. d5 b5 4. cxb5 a6 5. bxa6 Bxa6 6. Nc3 d6 7. g3 g6 8. Bg2 Bg7 9. Nf3 O-O 10. O-O Nbd7 11. Rb1 Qa5 12. Bd2 Rfb8 13. Qc2 Qb6 14. b3 Bb7 15. Ne1 Qa6 16. Qd1 Nb6 17. e4 Ne8 18. a4 Nc7 19. Nc2 Qd3 20. Ne1 Qa6 21. Nc2 Bc8 22. Re1 e6 23. dxe6 Bxe6 24. Ne3 Nd7 25. Bf1 Qb7 26. Nc4 Qc6 27. Qc2 Na6 28. Nb5 d5 29. exd5 Bxd5 30. Bf4 Re8 31. Ncd6 Nb4 32. Qd2 Rxe1 33. Rxe1 Bxb3 34. Re7 Rf8 35. Bg2 Bd5 36. Bxd5 Nxd5 37. Rxd7 Nxf4 38. Rc7 Qg2# 0-1


[Site "https://www.chess.com"]

[Event "Titled Tuesday Blitz August 16 Early 2022"]
[White "McBryde, Lamel"]
[Black "Johnson, Ben"]
[WhiteFideId "2058596"]
[BlackFideId "2010917"]
[WhiteElo "1861"]
[BlackElo "2050"]
[Result "1-0"]
[Round "06"]
[TimeControl "180+2"]
[Date "2022.08.18"]
[WhiteClock "0:00:00"]
[BlackClock "0:00:00"]

1. Nf3 d5 2. b3 Nc6 3. Bb2 Bg4 4. e3 e5 5. Be2 e4 6. Nd4 Bxe2 7. Qxe2 Nxd4 8. Bxd4 Nf6 9. Qb5+ Qd7 10. Qxb7 Rc8 11. Qxa7 Be7 12. Bc5 Qg4 13. Nc3 Bd6 14. Bxd6 cxd6 15. Qa4+ Kf8 16. O-O h5 17. f3 exf3 18. Rxf3 Qxa4 19. bxa4 Ne4 20. Nxd5 Nxd2 21. Rf2 Ne4 22. Rf4 Nc3 23. Nxc3 Rxc3 24. Rb1 Ke7 25. Rb7+ Ke6 26. Rfxf7 Rxc2 27. Rbe7+ Kd5 28. Rxg7 Rxa2 29. Ra7 Rb8 30. h3 Rb4 31. a5 h4 32. Ra6 Rb3 33. Rg5+ Ke6 34. Rg6+ Ke5 35. Rgxd6 Rbb2 36. Rg6 Re2 37. Raf6 Re1+ 38. Rf1 Rxe3 39. Rg4 Ree2 40. Kh2 Ke6 41. Rb1 Kd6 42. a6 Kc5 43. Rg6 Kc4 44. Rb7 Kc3 45. a7 Kd3 46. Rd7+ Kc3 47. Rg8 1-0


[Site "https://www.chess.com"]

[Event "Titled Tuesday Blitz August 16 Early 2022"]
[White "Melikhov, Evgeny V."]
[Black "Brodowski, Piotr"]
[WhiteFideId "4122046"]
[BlackFideId "1124480"]
[WhiteElo "1963"]
[BlackElo "2312"]
[Result "0-1"]
[Round "06"]
[TimeControl "180+2"]
[Date "2022.08.18"]
[WhiteClock "0:00:00"]
[BlackClock "0:00:00"]

1. d4 c5 2. d5 d6 3. Nc3 Nf6 4. e4 g6 5. Bb5+ Bd7 6. a4 Bg7 7. Nf3 Bxb5 8. axb5 O-O 9. O-O Nbd7 10. Bg5 Nb6 11. b3 Ne8 12. Qd2 Nc7 13. Bh6 Qd7 14. Bxg7 Kxg7 15. Qd3 f6 16. Ne2 Qxb5 17. c4 Qd7 18. Nf4 a6 19. h3 Rad8 20. Rab1 e5 21. dxe6 Nxe6 22. Nd5 Nxd5 23. cxd5 Nc7 24. b4 Nb5 25. Rfe1 Rc8 26. Qe3 cxb4 27. Rxb4 Rc3 28. Qd2 Rfc8 29. Nd4 Nxd4 30. Qxd4 R8c5 31. Rb6 Qc7 32. Reb1 Rc1+ 33. Rxc1 Rxc1+ 34. Kh2 Rc5 35. Qb4 Rb5 36. Rxb5 axb5 37. Qxb5 Qe7 38. f3 h5 39. h4 Qc7 40. Qe8 b6 41. f4 Qb7 42. e5 dxe5 43. fxe5 fxe5 44. Qxe5+ Kf7 45. Qe6+ Kg7 46. d6 Qf7 47. Qe5+ Qf6 48. Qd5 Qxh4+ 49. Kg1 Qe1+ 50. Kh2 Qh4+ 51. Kg1 Qd8 0-1


[Site "https://www.chess.com"]

[Event "Titled Tuesday Blitz August 16 Early 2022"]
[White "Mirimanian, Hayk"]
[Black "Kotepalli, Sai Nirupama"]
[WhiteFideId "4700180"]
[BlackFideId "5039444"]
[WhiteElo "2228"]
[BlackElo "1910"]
[Result "1-0"]
[Round "06"]
[TimeControl "180+2"]
[Date "2022.08.18"]
[WhiteClock "0:00:00"]
[BlackClock "0:00:00"]

1. e4 c5 2. Nf3 e6 3. d4 cxd4 4. Nxd4 Nf6 5. Nc3 Nc6 6. Ndb5 Bb4 7. a3 Bxc3+ 8. Nxc3 d5 9. exd5 exd5 10. Bd3 d4 11. Ne2 Qd5 12. O-O O-O 13. Nf4 Qd6 14. Re1 Bg4 15. f3 Bd7 16. Bf1 Rfe8 17. Bd2 Ne5 18. Nd3 Nc4 19. Bg5 Nd5 20. Nb4 Nde3 21. Qc1 a5 22. Nd3 Rac8 23. b3 Nxf1 24. bxc4 Ne3 25. Bxe3 dxe3 26. c5 Qd4 27. Rb1 e2+ 28. Kh1 Qf2 29. Nxf2 1-0


[Site "https://www.chess.com"]

[Event "Titled Tuesday Blitz August 16 Early 2022"]
[White "Mitrabha, Guha"]
[Black "Shimanov, Aleksandr"]
[WhiteFideId "5057000"]
[BlackFideId "4198603"]
[WhiteElo "2499"]
[BlackElo "2605"]
[Result "0-1"]
[Round "06"]
[TimeControl "180+1"]
[Date "2022.08.16"]
[WhiteClock "0:01:09"]
[BlackClock "0:01:17"]

1. d4 Nf6 2. Nf3 d6 3. g3 g6 4. Bg2 Bg7 5. O-O O-O 6. b3 e5 7. dxe5 dxe5 8. Ba3 Qxd1 9. Nc3 Re8 10. Raxd1 e4 11. Nd4 a6 12. e3 Nbd7 13. Rd2 b5 14. Nde2 Bb7 15. Rfd1 Ne5 16. Bc5 Nf3+ 17. Bxf3 exf3 18. Nd4 Nd7 19. b4 Ne5 20. Rf1 Nc4 21. Rdd1 h5 22. h4 Be5 23. Rfe1 f6 24. e4 Rad8 25. Re3 Nxe3 26. fxe3 Bxg3 27. Rf1 f2+ 28. Kg2 Bxh4 29. Rh1 Rxe4 0-1


[Site "https://www.chess.com"]

[Event "Titled Tuesday Blitz August 16 Early 2022"]
[White "Mouhamad, Joachim"]
[Black "Taspinar, Yanki"]
[WhiteFideId "656410"]
[BlackFideId "34561188"]
[WhiteElo "2147"]
[BlackElo "1549"]
[Result "0-1"]
[Round "06"]
[TimeControl "180+2"]
[Date "2022.08.18"]
[WhiteClock "0:00:00"]
[BlackClock "0:00:00"]

1. e4 e6 2. d4 d5 3. e5 c5 4. c3 Nc6 5. Nf3 Qb6 6. Be2 cxd4 7. cxd4 Bd7 8. O-O Nh6 9. Qd2 Nf5 10. Rd1 g6 11. a3 Bh6 12. Qe1 Bxc1 13. Rxc1 Ncxd4 14. Nxd4 Qxd4 15. Bf1 O-O 16. Nc3 Rac8 17. Rd1 Qb6 18. Qd2 Rfd8 19. Be2 Bc6 20. g4 d4 21. Na2 Nh4 22. Qf4 Qxb2 23. Bd3 Qxa3 24. Be4 Bxe4 25. Qxe4 Qf3 26. Qxf3 Nxf3+ 27. Kg2 Nxe5 28. h3 Kg7 29. Nb4 a6 30. Nd3 Nxd3 31. Rxd3 e5 32. Re1 Kf6 33. f4 Rc5 34. Rf3 Ke6 35. fxe5 Rxe5 36. Ref1 f5 37. gxf5+ gxf5 38. Rb3 b5 39. Rc1 Rd6 40. Rd3 Re3 41. Rd2 Ke5 42. Rc8 d3 43. Kf2 Rxh3 44. Re8+ Kd4 45. Rf8 Rh2+ 46. Ke1 Re6+ 47. Kd1 Rh1# 0-1


[Site "https://www.chess.com"]